 Dungeon Crawl Stone Soup version 0.27-a0-1281-ge233d83751 (webtiles) character file.

Game seed: 11952604204377128882

328 Delamore the Chopper (level 6, -2/51 HPs)
             Began as a Formicid Fighter on June 14, 2021.
             Succumbed to an orc wizard's poison
             ... on level 5 of the Dungeon.
             The game lasted 00:03:48 (4509 turns).

Delamore the Chopper (Formicid Fighter)             Turns: 4509, Time: 00:03:48

Health: -2/51      AC:  6    Str: 22    XL:     6   Next: 80%
Magic:  6/6        EV:  8    Int:  8    God:
Gold:   66         SH:  0    Dex: 10    Spells: 5/5 levels left

rFire    . . .     SeeInvis +   a - +1 war axe
rCold    . . .     Faith    .   c - +1 kite shield
rNeg     + . .     Spirit   .   b - +0 scale mail
rPois    .         Reflect  .   (helmet unavailable)
rElec    .         Harm     .   (no cloak)
rCorr    .         Rampage  .   (no gloves)
Will     .....                  (no boots)
Stlth    ..........             (no amulet)
HPRegen  0.17/turn              q - ring of positive energy
MPRegen  0.10/turn              (no ring)

@: confused, lethally poisoned (-2 -> -38)
A: permanent stasis, dig shafts and tunnels, antennae 3, four strong arms
a: Dig, Shaft Self


You were on level 5 of the Dungeon.
You visited 1 branch of the dungeon, and saw 5 of its levels.

You collected 222 gold pieces.
You spent 156 gold pieces at shops.

Inventory:

Hand Weapons
 a - a +1 war axe (weapon)
Missiles
 o - 12 poisoned darts
 v - 7 boomerangs
Armour
 b - a +0 scale mail (worn)
 c - a +1 kite shield (worn)
Jewellery
 g - a ring of see invisible
 h - a ring of ice
 p - a ring of magical power
 q - a ring of positive energy (left hand)
Scrolls
 e - 2 scrolls of fear
 f - 2 scrolls of enchant weapon
 j - 3 scrolls of teleportation
 s - a scroll of fog
 t - a scroll of magic mapping
Potions
 d - 3 potions of might
 k - a potion of degeneration
 m - a potion of brilliance
 n - a potion of resistance


   Skills:
 - Level 5.0 Fighting
 * Level 5.7 Axes
 - Level 3.2 Armour
 - Level 3.6 Shields


You had 5 spell levels left.
You didn't know any spells.
Your spell library was empty.

Dungeon Overview and Level Annotations

Branches:
Dungeon (5/15)             Temple (0/1) D:5

Altars:
Qazlal
Ru
Sif Muna
Uskayaw
Vehumet
Zin

Shops:
D:3 ?=!   D:4 =?[!


Innate Abilities, Weirdness & Mutations

You cannot be hasted, slowed, berserked, paralysed or teleported.
You can dig through walls and to a lower floor.
You have a pair of large antennae on your head. (SInv)
Your four strong arms can wield two-handed weapons with a shield.


Message History

You are too confused!
You are too confused!
You are too confused!
You bump into the rock wall.
The orc hits you with a +0 whip.
You bump into the stone wall.
The orc barely misses you.
The orc wizard points at you and mumbles some strange words.
You are more confused.
Things that are here:
a +0 dagger; a +0 robe; an orc corpse The orc wizard hits you but does no damage.
You are poisoned.
You are too confused!
You feel sick.
The orc wizard hits you with a +1 dagger of venom.
You are more poisoned.
You're too confused to move!
You feel very sick. The orc closely misses you.
The orc wizard hits you but does no damage.
You are more poisoned.
You barely miss the orc wizard.
The orc wizard is moderately wounded.
You barely miss the orc.
You feel extremely sick. The orc hits you but does no damage.
The orc wizard hits you with a +1 dagger of venom.
You are more poisoned.
You slash the orc!
You kill the orc!
You miss the orc wizard.
* * * LOW HITPOINT WARNING * * *
You feel extremely sick. The orc wizard closely misses you.
The orc wizard hits you with a +1 dagger of venom.
* * * LOW HITPOINT WARNING * * *
You are more poisoned.
Okay, then.
You are too confused!
Unknown command.
You die...

####.# #.##.## #.#
#. ..# #.##.# #.# #
#. #.# #.##.# #.#
##.##.##.####.##.#
#.#
##.........#......#
#.#
.............#.####
#.# #..⌠..)⌠..##).#
#........o#.#.#
...)..>...@).#.#
##.........#.....#
#..⌠...⌠..#.#.#.#
.............###.#
.#.........### #
##.##.##.## #. #.
..# # .#


You could see an orc wizard (invisible).

Vanquished Creatures
  A scorpion (D:4)
  A hound (D:4)
  A jelly (D:4)
  3 bullfrog skeletons
  Ijyb (D:3)
  2 adders
  A dart slug (D:1)
  A worm (D:2)
  6 orcs
  3 bats
  4 giant cockroaches
  6 goblins
  4 hobgoblins
  3 jackals (D:2)
  2 quokkas (D:2)
  3 ball pythons
  A frilled lizard (D:1)
  8 kobolds
  A quokka skeleton (D:4)
  21 rats
73 creatures vanquished.

Vanquished Creatures (others)
  An orc wizard (D:5)
1 creature vanquished.

Grand Total: 74 creatures vanquished

Notes
Turn   | Place    | Note
-------+----------+-------------------------------------------
     0 | D:1      | Delamore the Formicid Fighter began the quest for the Orb.
     0 | D:1      | Reached XP level 1. HP: 18/18 MP: 1/1
   342 | D:1      | Reached XP level 2. HP: 24/24 MP: 2/2
   804 | D:2      | Reached XP level 3. HP: 20/30 MP: 3/3
  2073 | D:3      | Found a sacrificial altar of Ru.
  2099 | D:3      | Reached XP level 4. HP: 30/37 MP: 4/4
  2210 | D:3      | Found a shimmering blue altar of Sif Muna.
  2316 | D:3      | Found Duosigi's Distillery.
  2322 | D:3      | Bought a potion of heal wounds for 50 gold pieces
  2322 | D:3      | Bought a potion of degeneration for 10 gold pieces
  2322 | D:3      | Bought a potion of curing for 30 gold pieces
  2343 | D:3      | Noticed Ijyb
  2374 | D:3      | Killed Ijyb
  2551 | D:3      | Found Laasowel's Jewellery Boutique.
  2587 | D:3      | Found Tosamylo's Magic Scroll Shoppe.
  2975 | D:4      | Found Peleh's Jewellery Shop.
  3056 | D:4      | Reached XP level 5. HP: 33/43 MP: 5/5
  3331 | D:4      | Found Wastiaha's Distillery.
  3396 | D:4      | Reached skill level 5 in Axes
  3396 | D:4      | Reached XP level 6. HP: 25/50 MP: 6/6
  3588 | D:4      | Found a glowing silver altar of Zin.
  3589 | D:4      | Found a radiant altar of Vehumet.
  3656 | D:4      | Found Nerony's Antique Armour Emporium.
  3826 | D:4      | Found Rirphaul's Magic Scroll Shop.
  3834 | D:4      | Bought a scroll of fog for 24 gold pieces
  3834 | D:4      | Bought a scroll of magic mapping for 42 gold pieces
  4024 | D:4      | Reached skill level 5 in Fighting
  4212 | D:5      | Entered Level 5 of the Dungeon
  4214 | D:5      | Noticed an air elemental
  4216 | D:5      | Found a stormy altar of Qazlal.
  4219 | D:5      | Noticed a fire elemental
  4219 | D:5      | Noticed a water elemental
  4368 | D:5      | Found a hide-covered altar of Uskayaw.
  4473 | D:5      | Found a staircase to the Ecumenical Temple.
  4509 | D:5      | Succumbed to an orc wizard's poison

Illustrated notes

Levels and vault maps discovered:
D:1:      matt_arrival_los_fun, layout_basic
D:2:      layout_basic, minmay_rat_hole
D:3:      layout_basic, overflow_temple_1_default, amcnicky_altar_gilded,
          serial_shops, shop, shop, shop, kennysheep_generic_room_3, uniq_ijyb
D:4:      layout_loops_corners, minitemple, serial_shops, shop, shop_fountains,
          nicolae_shop_crystal, nicolae_shop_crystal, grunt_decor_fettered,
          minmay_vboxes
D:5:      layout_loops_ring, nicolae_overflow_hidden_temple,
          nicolae_qazlal_style_of_elements, minmay_temple_entry_large_hall,
          uniq_blork_the_orc

Skill      XL: |  1  2  3  4  5  6 |
---------------+-------------------+-----
Axes           | 3 4 5 |  5.7
Fighting       | 4 5 |  5.0
Armour         | |  3.2
Shields        | |  3.6

Action                   |  1- 3 |  4- 6 || total
-------------------------+-------+-------++-------
Melee: War axe           |   122 |   113 ||   235
 Abil: Dig               |     1 |     2 ||     3
  Use: Scroll            |     7 |     2 ||     9
       Potion            |       |     2 ||     2
Armor: Scale mail        |    61 |    53 ||   114
Dodge: Dodged            |    37 |    40 ||    77
Block: Kite shield       |    68 |    64 ||   132

Table legend: (Time is in decaauts)
 A = Elapsed time spent in this place.
 B = Non-inter-level travel time spent in this place.
 C = Inter-level travel time spent in this place.
 D = Time resting spent in this place.
 E = Time spent auto-exploring this place.
 F = Levels seen in this place.
 G = Mean time per level.
                   A        B        C        D        E       F      G
               +--------+--------+--------+--------+--------+-----+--------+
         Total |   4624 |   4532 |     92 |    280 |   3688 |   5 |  924.8 |
       Dungeon |   4624 |   4532 |     92 |    280 |   3688 |   5 |  924.8 |
               +--------+--------+--------+--------+--------+-----+--------+

Top non-repeatable levels by time:
     D:2: 1327 daAuts
     D:4: 1258 daAuts
     D:3: 936 daAuts
     D:1: 797 daAuts
     D:5: 304 daAuts
